 Dungeon Crawl Stone Soup version 0.30.1-4-g462c640d31 (webtiles) character file.

Game seed: 6877180710053746957

103 safid the Chiller (level 4, 0/34 HPs)
             Began as a Merfolk Ice Elementalist on Sept 15, 2023.
             Killed by nerve-wracking pain
             ... invoked by Grinder
              (12 damage)
             ... on level 3 of the Dungeon.
             The game lasted 00:02:19 (2209 turns).

safid the Chiller (Merfolk Ice Elementalist)        Turns: 2209, Time: 00:02:20

Health: 0/34       AC:  9    Str:  8    XL:     4   Next: 79%
Magic:  2/8        EV: 12    Int: 16    God:
Gold:   106        SH:  0    Dex: 14    Spells: 2/9 levels left

rFire   + . .        j - +5 short sword
rCold   . . .        (no shield)
rNeg    . . .        a - +0 robe
rPois   .            (no helmet)
rElec   .            (no cloak)
rCorr   .            t - +0 pair of gloves
SInv    +            (no boots)
Will    .....        (no amulet)
Stlth   ++           d - ring of see invisible
HPRegen 0.25/turn    p - ring of protection from fire
MPRegen 0.11/turn

%: no passive effects
@: ice-armoured, attractive
A: (nimble swimmer 2), mertail
a: no special abilities


You were on level 3 of the Dungeon.
You visited 1 branch of the dungeon, and saw 3 of its levels.

You collected 106 gold pieces.

Inventory:

Hand Weapons
 j - a +5 short sword (weapon)
Armour
 a - a +0 robe (worn)
 t - a +0 pair of gloves (worn)
Jewellery
 d - a ring of see invisible (left hand)
 p - a ring of protection from fire (right hand)
 v - a ring of protection from fire
Wands
 u - a wand of polymorph (13)
Scrolls
 f - 2 scrolls of teleportation {unknown}
 h - 2 scrolls of magic mapping {unknown}
 i - 2 scrolls of amnesia {unknown}
 m - a scroll of butterflies {unknown}
 n - a scroll of blinking {unknown}
 q - a scroll of identify {unknown}
 r - a scroll of fog {unknown}
 s - a scroll of immolation {unknown}
Potions
 b - a potion of magic
 c - a potion of attraction
 e - a potion of haste {unknown}
 g - a potion of heal wounds {unknown}
 k - 2 potions of brilliance {unknown}
 l - a potion of curing {unknown}
 o - a potion of resistance {unknown}


   Skills:
 + Level 2.5 Fighting
 - Level 2.6 Dodging
 - Level 2.1 Stealth
 + Level 3.0 Spellcasting
 + Level 5.2 Ice Magic


You had 2 spell levels left.
You knew the following spells:

 Your Spells              Type           Power      Damage    Failure   Level
a - Freeze                Ice            76%        1d8       2%          1
b - Frozen Ramparts       Ice            38%        1d6       6%          3
c - Ozocubu's Armour      Ice            19%        N/A       6%          3

Your spell library contained the following spells:

 Spells                   Type           Power      Damage    Failure   Level
 Summon Guardian Golem    Hex/Summ       2%         N/A       50%         3
 Summon Ice Beast         Ice/Summ       10%        N/A       54%         4
 Orb of Destruction       Conj           1%         9d5       100%        7
 Spellforged Servitor     Conj/Summ      1%         N/A       100%        7


Dungeon Overview and Level Annotations

Branches:
Dungeon (3/15)

Altars:
Wu Jian

Annotations:
D:2 1 runed translucent door, Crazy Yiuf
D:3 Grinder


Innate Abilities, Weirdness & Mutations

((You are very nimble when in or above water. (Stealth+, EV+, Speed+++)))
Your lower body shifts to a powerful aquatic tail in water.


Message History

Unknown command.
You barely miss the hobgoblin.
The hobgoblin is almost dead.
The hobgoblin barely misses you.
Unknown command.
You closely miss the hobgoblin.
The hobgoblin is almost dead.
The hobgoblin hits you but does no damage.
You hit the hobgoblin.
You kill the hobgoblin!
Grinder gestures at you. You resist with significant effort.
Unknown command.
Casting: Ozocubu's Armour (dangerous; 6% risk of failure)
Confirm with . or Enter, or press ? or * to list all spells.
You don't have enough magic to cast this spell.
It was a potion of attraction.
You feel attractive to monsters. Grinder gestures at you.
You resist with significant effort. Grinder is attracted toward you.
You closely miss Grinder.
Grinder is heavily wounded.
Grinder closely misses you.
You puncture Grinder!
Grinder is severely wounded.
Grinder barely misses you.
You hit Grinder.
Grinder is almost dead.
Grinder barely misses you.
You barely miss Grinder.
Grinder is almost dead.
Grinder blinks!
Grinder is attracted toward you.
You hit Grinder but do no damage.
Grinder is almost dead.
Grinder blinks!
Grinder is attracted toward you.
You hit Grinder.
Grinder is almost dead.
Grinder gestures at you. Pain shoots through your body!
You die...

#.#.# #...#
##..# ##.#
#.####
#....####
#.§.......
#§##.###.. .
#@# .#
..#######5## #
...........#
#......§..#
#.........#
########..#
#.............
#.###.....#...
#.###... .


You could see Grinder.

Vanquished Creatures
  An orc priest (D:3)
  2 adders (D:2)
  3 dart slugs
  4 orcs (D:3)
  2 bats (D:2)
  4 giant cockroaches
  3 goblins
  6 hobgoblins
  3 jackals (D:2)
  4 quokkas
  5 ball pythons
  2 frilled lizards (D:1)
  3 kobolds
  3 rats (D:1)
45 creatures vanquished.

Notes
Turn   | Place    | Note
-------+----------+-------------------------------------------
     0 | D:1      | safid the Merfolk Ice Elementalist began the quest for the
                  | Orb.
     0 | D:1      | Reached XP level 1. HP: 13/13 MP: 3/3
   251 | D:1      | Reached XP level 2. HP: 18/20 MP: 5/5
   265 | D:1      | Found a faded altar of an unknown god.
   307 | D:1      | Reached skill level 1 in Fighting
   561 | D:1      | Reached XP level 3. HP: 24/26 MP: 6/6
   565 | D:1      | Learned a level 3 spell: Frozen Ramparts
  1109 | D:2      | Learned a level 3 spell: Ozocubu's Armour
  1350 | D:2      | Reached skill level 5 in Ice Magic
  1350 | D:2      | Reached XP level 4. HP: 33/33 MP: 8/8
  1657 | D:2      | Found a runed translucent door.
  1791 | D:2      | Noticed Crazy Yiuf
  2089 | D:3      | Found an ornate altar of the Wu Jian Council.
  2174 | D:3      | Noticed Grinder
  2209 | D:3      | Killed from afar by Grinder

Illustrated notes

Levels and vault maps discovered:
D:1:      nicolae_arrival_washed_ashore, layout_basic, basic_ecumenical_altar
D:2:      layout_loops_ring, uniq_crazy_yiuf_cottage
D:3:      layout_basic, lemuel_crystal_altar, mainiacjoe_overflow_chevrons,
          minmay_fractal_squares_diagonal_5, uniq_grinder

Skill      XL: |  1  2  3  4 |
---------------+-------------+-----
Fighting       | 1 2 |  2.5
Ice Magic      | 5 |  5.2
Spellcasting   | 3 |  3.0
Dodging        | |  2.6
Stealth        | |  2.1

Action                     |  1- 3 |  4- 6 || total
---------------------------+-------+-------++-------
  Melee: Mace              |    17 |       ||    17
         Unarmed           |     4 |       ||     4
         Short sword       |    53 |    43 ||    96
   Cast: Freeze            |     6 |       ||     6
         Ozocubu's Armour  |       |     2 ||     2
         Frozen Ramparts   |       |     2 ||     2
    Use: Potion            |       |     1 ||     1
   Stab: Sleeping          |     9 |     1 ||    10
 Armour: Robe              |    13 |     7 ||    20
  Dodge: Dodged            |    54 |    22 ||    76
